 Dungeon Crawl Stone Soup version 0.31-a0-925-g0a390f2509 (webtiles) character file.

Game seed: 467519885918576215

689 Maratek the Chopper (level 7, -1/48 HPs)
             Began as an Octopode Fighter on Oct 18, 2023.
             Slain by a gnoll
             ... wielding a +0 halberd
              (11 damage)
             ... on level 5 of the Dungeon.
             The game lasted 00:03:45 (3005 turns).

Maratek the Chopper (Octopode Fighter)              Turns: 3005, Time: 00:03:45

Health: -1/48      AC:  1    Str: 17    XL:     7   Next: 63%
Magic:  7/7        EV: 14    Int: 10    God:
Gold:   156        SH:  4    Dex: 12    Spells: 6/6 levels left

rFire   . . .        a - +1 war axe (flame)
rCold   . . .        b - +0 buckler
rNeg    . . .        (helmet restricted)
rPois   .            (no amulet)
rElec   .            (no ring)
rCorr   .            (no ring)
SInv    .            (no ring)
Will    .....        (no ring)
Stlth   ++++         (no ring)
HPRegen 0.28/turn    (no ring)
MPRegen 0.10/turn    (no ring)
                     (no ring)

%: no passive effects
@: lethally poisoned (-1 -> -3)
A: almost no armour, amphibious, 8 rings, camouflage 1, gelatinous body 1,
(nimble swimmer 1), tentacles
a: no special abilities


You were on level 5 of the Dungeon.
You visited 1 branch of the dungeon, and saw 5 of its levels.

You collected 156 gold pieces.

Inventory:

Hand Weapons
 a - a +1 war axe of flaming (weapon)
Armour
 b - a +0 buckler (worn)
Scrolls
 g - a scroll of teleportation
 i - 2 scrolls of amnesia
 k - a scroll of brand weapon
Potions
 c - 2 potions of might
 d - 2 potions of attraction
 e - 2 potions of curing
 f - a potion of cancellation {unknown}
 j - 2 potions of heal wounds {unknown}
 l - a potion of enlightenment {unknown}
 m - a potion of mutation {unknown}
 n - a potion of brilliance {unknown}
 p - 2 potions of lignification {unknown}
 q - a potion of invisibility {unknown}


   Skills:
 + Level 4.1 Fighting
 + Level 5.5 Axes
 + Level 4.2 Dodging
 + Level 5.3 Stealth
 + Level 3.6 Shields


You had 6 spell levels left.
You didn't know any spells.
Your spell library contained the following spells:

 Spells                   Type           Power      Damage    Failure   Level
 Cigotuvi's Dreadful Rot  Necr/Pois/Air  0%         N/A       58%         2
 Ignite Poison            Fire/Tmut/Pois 0%         N/A       82%         3
 Freezing Cloud           Conj/Ice/Air   0%         6-21      100%        5


Dungeon Overview and Level Annotations

Branches:
Dungeon (5/15)
 Temple: D:4-7

Altars:

Annotations:
D:3 2 transporters, 3 runed translucent doors, Cris's ghost, amateur DsCj


Innate Abilities, Weirdness & Mutations

You cannot wear most types of armour.
You are amphibious.
You can wear up to eight rings at the same time.
Your skin changes colour to match your surroundings (Stealth+).
Your rubbery body absorbs attacks. (AC +1, EV +1)
((You are camouflaged when in or above water. (Stealth+)))
You have tentacles for arms and can constrict up to eight enemies at once.


Message History

The scorpion is severely wounded.
You closely miss the gnoll. You constrict the scorpion.
You feel sick. The scorpion barely misses you. The gnoll barely misses you.
The gnoll hits you from afar with a +0 halberd!
The scorpion barely misses you.
You are too injured to fight recklessly!
Unknown command.
You are too injured to fight recklessly!
Unknown command.
You are too injured to fight recklessly!
Unknown command.
You closely miss the gnoll. Your grab misses the gnoll. You squeeze the gnoll.
The gnoll is severely wounded.
You closely miss the adder. You hit the scorpion but do no damage.
You constrict the scorpion, but do no damage.
You feel sick. You block the adder's attack. The adder misses you.
You block the gnoll's attack. The scorpion stings you.
You are more poisoned.
The scorpion poisons you! The gnoll closely misses you.
You closely miss the gnoll. You grab the gnoll.
The gnoll is severely wounded.
You miss the adder. You hit the scorpion. You burn the scorpion.
You kill the scorpion!
You constrict the gnoll.
You kill the gnoll!
You feel very sick. You block the adder's attack. The gnoll barely misses you.
The adder bites you.
You slash the adder! You burn the adder.
You kill the adder!
You feel sick. The gnoll misses you.
The gnoll hits you from afar with a +0 halberd.
* * * LOW HITPOINT WARNING * * *
You feel sick.
You see here an adder corpse.
You feel sick.
You see here a +0 spear.
You hit the gnoll. You burn the gnoll. Your grab misses the gnoll.
The gnoll is heavily wounded.
You feel sick. The gnoll hits you with a +0 halberd!
You die...

#. #. #.#.
#.#.
#.#.####
#......#
#....#.#
#.#..g@†.#
#.....)).#
###.#....# #
#....#
.###.#....#
[.........#
#####.##.###
#........#
#.....#..#


You could see a gnoll.

Vanquished Creatures
  Sigmund (D:3)
  An ogre (D:4)
  A scorpion (D:5)
  A hound (D:3)
  A sleepcap (D:4)
  A jelly (D:4)
  An iguana (D:3)
  Natasha (thrice) (D:3)
  Robin (D:3)
  8 adders
  3 gnolls (D:5)
  3 worms
  A dart slug (D:3)
  8 bats
  4 endoplasms
  4 giant cockroaches
  15 goblins
  11 hobgoblins
  4 jackals (D:3)
  3 quokkas
  5 ball pythons
  5 frilled lizards
  7 kobolds
  5 rats
97 creatures vanquished.

Notes
Turn   | Place    | Note
-------+----------+-------------------------------------------
     0 | D:1      | Maratek the Octopode Fighter began the quest for the Orb.
     0 | D:1      | Reached XP level 1. HP: 16/16 MP: 1/1
   106 | D:1      | Reached XP level 2. HP: 17/21 MP: 2/2
   689 | D:2      | Reached XP level 3. HP: 26/26 MP: 3/3
   695 | D:2      | Reached skill level 1 in Stealth
  1032 | D:2      | Reached XP level 4. HP: 31/31 MP: 4/4
  1336 | D:3      | Noticed Robin
  1354 | D:3      | Killed Robin
  1355 | D:3      | Reached XP level 5. HP: 18/33 MP: 5/5
  1447 | D:3      | Found a transporter.
  1511 | D:3      | Noticed a kobold demonologist
  1523 | D:3      | Found a transporter.
  1531 | D:3      | Noticed Natasha
  1536 | D:3      | Killed Natasha
  1644 | D:3      | Noticed Sigmund
  1656 | D:3      | Killed Sigmund
  1657 | D:3      | Reached XP level 6. HP: 23/43 MP: 6/6
  1937 | D:3      | Found a runed translucent gate.
  1937 | D:3      | Found a runed translucent gate.
  1937 | D:3      | Found a runed translucent gate.
  1937 | D:3      | Noticed Cris's ghost (amateur DsCj)
  2005 | D:3      | Noticed Natasha
  2011 | D:3      | Killed Natasha
  2105 | D:3      | Noticed Natasha
  2113 | D:3      | Killed Natasha
  2548 | D:4      | Reached XP level 7. HP: 47/47 MP: 7/7
  2616 | D:4      | Reached skill level 5 in Axes
  2981 | D:5      | Entered Level 5 of the Dungeon
  2997 | D:5      | Reached skill level 5 in Stealth
  3005 | D:5      | Slain by a gnoll

Illustrated notes

Levels and vault maps discovered:
D:1:      minmay_arrival_four_loops, layout_basic
D:2:      layout_basic
D:3:      gammafunk_wand_slinger, layout_basic, ebering_ghost_rock_garden,
          nicolae_underground_beach, uniq_natasha, uniq_robin, uniq_sigmund
D:4:      layout_basic
D:5:      layout_basic, mainiacjoe_overflow_six_doors_small,
          minmay_temple_entry_mini_moons

Skill      XL: |  1  2  3  4  5  6  7 |
---------------+----------------------+-----
Stealth        | 1 2 3 4 5 |  5.3
Axes           | 3 4 5 |  5.5
Dodging        | 4 |  4.2
Fighting       | 4 |  4.1
Shields        | |  3.6

Action                     |  1- 3 |  4- 6 |  7- 9 || total
---------------------------+-------+-------+-------++-------
  Melee: War axe           |    59 |   102 |    28 ||   189
         Constrict         |    14 |    26 |     4 ||    44
         Tentacles         |     8 |    19 |     4 ||    31
    Use: Scroll            |       |     7 |     2 ||     9
   Stab: Sleeping          |    10 |     7 |     4 ||    21
         Distracted        |       |     1 |     1 ||     2
 Armour: Skin              |    13 |    43 |    12 ||    68
  Dodge: Dodged            |    35 |    56 |    23 ||   114
  Block: Buckler           |    12 |    20 |     6 ||    38

Table legend: (Time is in decaauts)
 A = Elapsed time spent in this place.
 B = Non-inter-level travel time spent in this place.
 C = Inter-level travel time spent in this place.
 D = Time resting spent in this place.
 E = Time spent auto-exploring this place.
 F = Levels seen in this place.
 G = Mean time per level.
                   A        B        C        D        E       F      G
               +--------+--------+--------+--------+--------+-----+--------+
         Total |   3080 |   3019 |     61 |    200 |   2157 |   5 |  616.0 |
       Dungeon |   3080 |   3019 |     61 |    200 |   2157 |   5 |  616.0 |
               +--------+--------+--------+--------+--------+-----+--------+

Top non-repeatable levels by time:
     D:3: 1261 daAuts
     D:2: 648 daAuts
     D:1: 600 daAuts
     D:4: 544 daAuts
     D:5: 25 daAuts
